 Dungeon Crawl Stone Soup version 0.19-a0-36-g4a0968a (webtiles) character file.

204968 weee the Fighter (level 19, 0/122 HPs)
             Began as a Gargoyle Earth Elementalist on May 3, 2016.
             Was the Champion of Vehumet.
             Slain by a tentacled monstrosity (4 damage)
             ... on level 4 of the Swamp on May 4, 2016.
             The game lasted 03:05:02 (42582 turns).

weee the Fighter (Gargoyle Earth Elementalist)     Turns: 42582, Time: 03:05:06

Health: 0/122      AC: 29    Str: 11    XL:     19   Next: 10%
Magic:  5/45       EV: 15    Int: 25    God:    Vehumet [******]
Gold:   2616       SH:  6    Dex: 10    Spells: 9 memorised, 10 levels left

rFire  + . .     SeeInvis .     W - +9 whip (freeze)
rCold  . . .     Gourm    .     c - +2 robe {MR+}
rNeg   + . .     Faith    .     t - +2 buckler
rPois  ∞         Spirit   .     w - +0 helmet of the Guardian {rF+ rCorr}
rElec  +         Dismiss  .     E - +2 cloak
rCorr  +         Reflect  .     z - +2 pair of gloves
SustAt .         Harm     .     p - +2 pair of boots
MR     ++...                    n - amulet of regeneration
Stlth  ++........               y - ring of magical power
                                F - +3 ring of evasion

@: flying, constricted, very resistant to hostile enchantments, unstealthy
A: big wings, negative energy resistance 1, electricity resistance, unbreathing,
petrification resistance, rot immunity, AC +13
a: Stop Flying, Renounce Religion


You were on level 4 of the Swamp.
You worshipped Vehumet.
Vehumet was exalted by your worship.
You were very hungry.

You visited 4 branches of the dungeon, and saw 29 of its levels.
You also visited: Labyrinth, Ossuary and Ice Cave.

You collected 3006 gold pieces.
You spent 390 gold pieces at shops.

Inventory:

Hand Weapons
 W - a +9 whip of freezing (weapon)
Armour
 c - a +2 robe of magic resistance (worn)
 p - a +2 pair of boots (worn)
 t - a +2 buckler (worn)
 w - the +0 helmet of the Guardian (worn) {rF+ rCorr}
   (You found it in a labyrinth)

   It protects you from fire.
   It protects you from acid and corrosion.
 z - a +2 pair of gloves (worn)
 E - a +2 cloak (worn)
 I - a +2 robe of resistance
Jewellery
 n - an amulet of regeneration (around neck)
 y - a ring of magical power (right hand)
 F - a +3 ring of evasion (left hand)
 K - an uncursed ring of protection from fire
 S - an uncursed ring of see invisible
Wands
 h - a wand of acid (5/15)
 i - a wand of teleportation (3/9)
 k - a wand of lightning (10/15)
 M - a wand of digging (10/24)
 N - a wand of random effects (29/48)
 Q - a wand of iceblast (11/15)
 R - a wand of iceblast (5/15)
 T - a wand of hasting (4/9)
Scrolls
 a - 6 scrolls of amnesia
 g - a scroll of fear
 j - 6 scrolls of teleportation
 l - a scroll of magic mapping
 m - 15 scrolls of remove curse
 r - 4 scrolls of immolation
 v - a scroll of enchant weapon
 G - 4 scrolls of fog
 H - a scroll of recharging
 P - 5 scrolls of identify
Potions
 e - 3 potions of resistance
 o - a potion of heal wounds
 s - 5 potions of ambrosia
 A - 5 potions of curing
 C - 2 potions of brilliance
 V - a potion of might
Books
 x - a book of the Dragon

   Spells                             Type                      Level
   a - Flame Tongue                   Conjuration/Fire             1
   b - Cause Fear                     Hexes                        4
   c - Bolt of Fire                   Conjuration/Fire             6
   d - Dragon Form                    Transmutation                7
   e - Dragon's Call                  Summoning                    9
 D - a book of Minor Magic

   Spells                             Type                      Level
   a - Magic Dart                     Conjuration                  1
   b - Blink                          Translocation                2
   c - Call Imp                       Summoning                    2
   d - Repel Missiles                 Charms/Air                   2
   e - Slow                           Hexes                        2
   f - Conjure Flame                  Conjuration/Fire             3
   g - Mephitic Cloud                 Conjuration/Poison/Air       3
 L - an Akashic Record

   Spells                             Type                      Level
   a - Dispersal                      Translocation                6
   b - Malign Gateway                 Summoning/Translocation      7
   c - Disjunction                    Translocation                8
   d - Controlled Blink               Translocation                8
 Y - a book of the Sky

   Spells                             Type                      Level
   a - Summon Lightning Spire         Summoning/Air                4
   b - Airstrike                      Air                          4
   c - Silence                        Hexes/Air                    5
   d - Deflect Missiles               Charms/Air                   6
   e - Conjure Ball Lightning         Conjuration/Air              6
   f - Tornado                        Air                          9
Miscellaneous
 O - a box of beasts {used: 3}
Comestibles
 b - a royal jelly
 d - 15 bread rations
 q - 12 fruits
 u - 12 meat rations
 J - a slice of pizza
 U - a beef jerky
 Z - 6 chunks of flesh


   Skills:
 + Level 14.3 Fighting
 + Level 11.4 Maces & Flails
 - Level 7.0 Armour
 + Level 9.0 Dodging
 - Level 2.1 Stealth
 - Level 4.0 Shields
 * Level 13.9 Spellcasting
 + Level 12.0 Conjurations
   Level 0.7 Transmutations
 * Level 12.5 Fire Magic
 + Level 13.5 Earth Magic


You had 10 spell levels left.
You knew the following spells:

 Your Spells              Type           Power        Failure   Level  Hunger
a - Sandblast             Erth           ######       0%          1    None
b - Stone Arrow           Conj/Erth      ######       1%          3    None
c - Lee's Rapid Deconstr  Erth           ######....   1%          5    ##.....
d - Mephitic Cloud        Conj/Pois/Air  #####...     1%          3    None
e - Bolt of Magma         Conj/Fire/Erth ######....   1%          5    ##.....
f - Passage of Golubria   Tloc           N/A          38%         4    None
g - Bolt of Cold          Conj/Ice       #####.....   12%         6    #####..
h - Repel Missiles        Chrm/Air       ###...       8%          2    None
i - Poison Arrow          Conj/Pois      #####.....   12%         6    #####..


Dungeon Overview and Level Annotations

Branches:
Dungeon (15/15)            Temple (0/1) D:6            Lair (8/8) D:8
  Swamp (4/4) Lair:4       Spider (0/4) Lair:6        Slime (0/6) Lair:7
    Orc (2/2) D:12            Elf (0/3) Orc:2        Vaults (0/5) D:13
 Depths (0/5) D:15

Altars:
Ashenzari
Dithmenos
Fedhas
Gozag
Makhleb
Okawaru
Qazlal
Ru
Vehumet
The Shining One
Beogh
Jiyva

Shops:
D:8 =   Orc:2 *[:}

Annotations:
Swamp:4 3 exclusions


Innate Abilities, Weirdness & Mutations

You are resistant to torment.
Your stone body is resilient (AC +13).
You are immune to poison.
Your large and strong wings let you fly indefinitely.
You resist negative energy.
You are resistant to electric shocks.
You can survive without breathing.
You are immune to petrification.
You are immune to rotting.


Message History

* * * LOW HITPOINT WARNING * * *
You block the tentacled monstrosity's attack.
The tentacled monstrosity constricts you.
You escape the tentacled monstrosity's grasp.
You block the tentacled monstrosity's attack.
The tentacled monstrosity tentacle-slaps you but does no damage.
The tentacled monstrosity tentacle-slaps you.
* * * LOW HITPOINT WARNING * * *
The tentacled monstrosity grabs you.
* * * LOW HITPOINT WARNING * * *
The tentacled monstrosity constricts you.
Read which item? (? for menu, Esc to quit)
As you read the scroll of fear, it crumbles to dust.
You assume a fearsome visage.
The vampire mosquito is unaffected.
The tentacled monstrosity is unaffected.
The tentacled monstrosity barely misses you.
The tentacled monstrosity tentacle-slaps you.
* * * LOW HITPOINT WARNING * * *
The tentacled monstrosity barely misses you.
You die...

♣≈≈...♣♣**≈≈.≈≈..,,≈,≈*
♣♣♣
♣≈≈≈≈≈≈♣♣♣≈≈≈≈≈....≈≈**
♣≈.
*♣≈..≈≈♣♣≈.≈.≈.≈≈.§≈≈≈*
♣♣.≈
*♣§<.<.≈≈≈.♣≈..≈≈≈≈≈♣*
♣≈..
♣≈.§≈≈÷.≈≈≈≈≈≈≈≈≈§.♣
♣≈.≈
♣♣♣♣♣♣♣≈≈≈≈≈≈≈≈≈≈.§♣
**♣.
♣♣♣≈≈..≈.≈≈≈≈≈≈≈§.♣*
♣♣♣
♣♣.≈≈≈§....≈≈≈≈..≈♣♣
♣≈♣
♣.≈≈≈≈..§≈@X≈≈≈.≈§.♣ ♣≈
♣♣≈≈....§..≈≈..D.k≈♣ ♣
♣♣♣≈.....≈≈y.♣♣.≈.♣ ♣
♣♣♣♣♣≈≈≈≈≈≈♣♣≈§.≈≈.♣
♣♣≈≈≈.§≈≈≈≈♣♣♣♣≈.≈≈D♣♣♣
♣.≈≈≈.≈≈/..♣ ♣♣≈≈≈≈.≈♣♣
♣ ♣....≈≈.≈≈♣♣
♣.≈≈≈≈≈.♣♣ ♣
♣≈≈♣♣♣♣...≈♣
♣≈.D≈≈≈.≈♣♣≈♣ ♣♣♣♣
♣≈.≈≈.♣ ♣♣≈≈≈≈≈.≈D≈≈.


You could see a tentacled monstrosity, a seven-headed hydra (fleeing), a
four-headed hydra (fleeing), a rime drake (fleeing) and a vampire mosquito.

Vanquished Creatures
  Nikola (Swamp:1)
  Jorgrun (Swamp:2)
  Rupert (D:15)
  Frances (D:12)
  Kirke (Swamp:3)
  A thorn hunter (Swamp:3)
  A tengu reaver (D:14)
  Donald (D:13)
  Maud (Orc:2)
  2 fire dragons
  A minotaur (Lab)
  Fannar (D:12)
  The ghost of Etesian the Cleaver, a journeyman MiFi of Qazlal (Lair:2)
  19 hydras
  An ice dragon (Lair:1)
  The ghost of Potsanchik the Tainter, a journeyman FoVM of Ru (D:11)
  A ghost crab (Swamp:3)
  A catoblepas (Lair:5)
  Erica (D:8)
  A rakshasa (D:15)
  4 centaur warriors
  3 ogre magi
  5 tengu warriors
  6 alligators
  9 death yaks
  An orc high priest (Orc:1)
  Urug (Lair:2)
  Nergalle (D:11)
  A fire crab (Lair:8)
  A shadow wraith (D:12)
  5 unseen horrors
  10 skeletal warriors
  2 deep trolls (Orc:2)
  3 swamp dragons
  Pikel (D:8)
  2 harpies
  A giant orange brain (shapeshifter) (D:14)
  11 hill giants
  A phantasmal warrior (D:14)
  2 orc sorcerers
  6 deep elf magi
  6 ugly things
  2 necromancers
  4 griffons
  3 oklob plants
  A hornet (Swamp:3)
  3 manticores
  A stone giant skeleton (D:15)
  5 cyclopes
  A spriggan zombie (D:15)
  5 elephants (Lair:4)
  8 black mambas
  25 spiny frogs
  3 ice statues
  5 orange demons (D:14)
  A gargoyle (D:13)
  2 torpor snails (Lair:8)
  5 rime drakes
  2 efreet
  A kobold demonologist (D:14)
  6 komodo dragons
  2 yaktaurs
  2 red devils (D:14)
  2 spriggan skeletons (D:15)
  A tengu conjurer (D:15)
  A queen bee (shapeshifter) (D:14)
  15 trolls
  Grinder (D:3)
  3 polar bears (Lair:1)
  11 two-headed ogres
  7 bog bodies
  41 slime creatures
  4 giant leeches (Lair:8)
  Prince Ribbit (D:6)
  A boulder beetle (D:14)
  48 blink frogs
  A spriggan (shapeshifter) (D:14)
  4 shadows
  A vampire (D:15)
  A tarantella (Lair:6)
  17 humans
  62 yaks
  A spriggan (Lair:4)
  A hog (Swamp:3)
  7 wyverns
  A wraith (D:12)
  18 hippogriffs
  7 hungry ghosts
  A steam dragon (D:10)
  8 vampire mosquitoes (Lair:8)
  4 basilisks
  Menkaure (D:5)
  11 insubstantial wisps
  4 wargs
  18 swamp worms
  Duvessa (D:6)
  18 water moccasins
  The ghost of weee the Digger, an amateur GrEE (D:4)
  A soldier ant (D:15)
  5 sky beasts
  A hell hound (Lair:8)
  7 swamp drakes
  17 ice beasts
  16 orc warriors
  8 porcupines
  A black bear (D:8)
  4 phantoms
  3 wasps
  3 eyes of draining
  27 ogres
  7 centaurs
  15 wolves
  24 crocodiles
  An elf zombie (Ossuary)
  4 big kobolds
  32 giant frogs
  Dowan (D:6)
  A wyvern zombie (D:11)
  5 elf skeletons (D:6)
  A water moccasin skeleton (D:11)
  6 scorpions
  10 jellies
  12 killer bees
  8 howler monkeys
  4 wights (D:6)
  7 electric eels
  9 crimson imps
  3 centaur zombies
  2 giant frog zombies
  5 giant frog skeletons
  14 orc priests
  5 centaur skeletons
  12 hounds
  7 iguanas
  A human zombie (D:6)
  Jessica (D:3)
  2 human skeletons (D:6)
  Natasha (thrice) (D:4)
  23 orc wizards
  10 worker ants
  A polar bear simulacrum (Lair:7)
  3 wolf simulacra (Lair:7)
  6 yak simulacra (Lair:7)
  14 sheep
  2 big kobold zombies (Ossuary)
  A hound zombie (D:6)
  2 worker ant zombies
  2 mummies (Ossuary)
  19 adders
  66 river rats
  4 shadow imps
  12 oozes
  2 worms
  3 adder skeletons (D:9)
  5 giant geckos
  69 orcs
  7 giant cockroaches
  3 gnoll zombies (Ossuary)
  7 goblins
  4 hobgoblins
  9 jackals
  7 quokkas
  A ball python (D:7)
  6 bats
  6 giant newts
  4 hobgoblin zombies (Ossuary)
  30 kobolds
  3 orc skeletons (D:6)
  3 orc zombies (Ossuary)
  A quokka zombie (D:6)
  6 rats
  A river rat simulacrum (Lair:7)
  A briar patch (Swamp:3)
  3 fungi
  3 plants (Lair:8)
1176 creatures vanquished.

Vanquished Creatures (collateral kills)
  A death yak (Lair:5)
  An ogre (D:15)
2 creatures vanquished.

Vanquished Creatures (others)
  2 humans (Swamp:3)
  An orc warrior (D:14)
  4 slaves (D:8)
  A killer bee (D:7)
  An adder (D:8)
  103 fungi
  95 plants
  9 toadstools (Swamp:3)
216 creatures vanquished.

Grand Total: 1394 creatures vanquished

Notes
Turn   | Place    | Note
--------------------------------------------------------------
     0 | D:1      | weee the Gargoyle Earth Elementalist began the quest for the Orb.
     0 | D:1      | Reached XP level 1. HP: 10/10 MP: 3/3
   311 | D:1      | Reached XP level 2. HP: 15/15 MP: 5/5
  1021 | D:2      | Found a shadowy altar of Dithmenos.
  1058 | D:2      | Reached XP level 3. HP: 13/19 MP: 6/6
  1063 | D:2      | Learned a level 3 spell: Stone Arrow
  1682 | D:2      | Reached skill level 1 in Conjurations
  1693 | D:2      | Reached XP level 4. HP: 18/24 MP: 8/8
  1981 | D:2      | Found a sacrificial altar of Ru.
  2141 | D:3      | Noticed Jessica
  2146 | D:3      | Killed Jessica
  2370 | D:3      | Found a radiant altar of Vehumet.
  2396 | D:3      | Became a worshipper of Vehumet
  2571 | D:3      | Reached XP level 5. HP: 28/28 MP: 5/10
  2623 | D:3      | Noticed Grinder
  2636 | D:3      | Killed Grinder
  2636 | D:3      | Reached skill level 5 in Earth Magic
  2636 | D:3      | Reached XP level 6. HP: 29/32 MP: 3/12
  3047 | D:3      | Reached * piety under Vehumet
  3047 | D:3      | Offered knowledge of Magic Dart by Vehumet.
  3066 | D:3      | Learned a level 5 spell: Lee's Rapid Deconstruction
  3070 | D:3      | Learned a level 3 spell: Mephitic Cloud
  3480 | D:4      | Noticed Natasha
  3489 | D:4      | Killed Natasha
  3595 | D:4      | Noticed Natasha
  3602 | D:4      | Killed Natasha
  3602 | D:4      | Reached skill level 5 in Spellcasting
  3602 | D:4      | Reached XP level 7. HP: 36/36 MP: 9/14
  3805 | D:4      | Noticed weee's ghost (amateur GrEE)
  3855 | D:4      | Killed weee's ghost
  3986 | D:4      | Noticed Natasha
  3989 | D:4      | Killed Natasha
  4642 | D:5      | Entered Level 5 of the Dungeon
  4772 | D:5      | Noticed Menkaure
  5041 | D:5      | Killed Menkaure
  5041 | D:5      | Reached XP level 8. HP: 42/42 MP: 12/17
  5212 | D:5      | Reached skill level 1 in Fighting
  5368 | D:5      | Reached skill level 1 in Maces & Flails
  5368 | D:5      | Reached skill level 1 in Armour
  5461 | D:5      | Found a burning altar of Makhleb.
  5828 | D:6      | Noticed Duvessa
  5829 | D:6      | Noticed Dowan
  5838 | D:6      | Reached skill level 2 in Fighting
  5845 | D:6      | Killed Duvessa
  5865 | D:6      | Killed Dowan
  5959 | D:6      | Noticed a troll
  5972 | D:6      | Killed a troll
  5994 | D:6      | Reached XP level 9. HP: 48/49 MP: 14/19
  5996 | D:6      | Reached ** piety under Vehumet
  5996 | D:6      | Offered knowledge of Freeze by Vehumet.
  6033 | D:6      | Found a staircase to the Ecumenical Temple.
  6169 | D:6      | Reached skill level 5 in Conjurations
  6178 | D:6      | Found a sand-covered staircase.
  6190 | D:6      | Reached skill level 3 in Fighting
  6203 | Ossuary  | Entered an ossuary
  6354 | Ossuary  | Offered knowledge of Throw Frost by Vehumet.
  6513 | D:6      | Noticed Prince Ribbit
  6522 | D:6      | Killed Prince Ribbit
  6784 | D:6      | Reached *** piety under Vehumet
  7076 | D:7      | Found a blossoming altar of Fedhas.
  7382 | D:7      | Reached skill level 4 in Fighting
  7418 | D:7      | Reached XP level 10. HP: 42/56 MP: 21/21
  7819 | D:7      | Offered knowledge of Inner Flame by Vehumet.
  8561 | D:8      | Found a blossoming altar of Fedhas.
  8868 | D:8      | Noticed Pikel
  8875 | D:8      | Killed Pikel
  8878 | D:8      | Noticed a manticore
  8898 | D:8      | Killed a manticore
  8898 | D:8      | Reached **** piety under Vehumet
  9256 | D:8      | Noticed Erica
  9279 | D:8      | Killed Erica
  9279 | D:8      | Reached skill level 5 in Fighting
  9279 | D:8      | Reached skill level 5 in Maces & Flails
  9279 | D:8      | Reached skill level 5 in Armour
  9459 | D:8      | Found Liucwuah's Jewellery Boutique.
  9496 | D:8      | Offered knowledge of Bolt of Magma by Vehumet.
  9503 | D:8      | Learned a level 5 spell: Bolt of Magma
  9707 | D:8      | Reached skill level 11 in Fighting
  9707 | D:8      | Reached XP level 11. HP: 74/74 MP: 23/23
 10233 | D:8      | Reached skill level 1 in Fire Magic
 10234 | D:8      | Found a staircase to the Lair.
 10279 | D:8      | Reached XP level 12. HP: 68/80 MP: 18/24
 10346 | D:8      | Learned a level 4 spell: Passage of Golubria
 10408 | Lair:1   | Entered Level 1 of the Lair of Beasts
 10716 | Lair:1   | Noticed an ice dragon
 10745 | Lair:1   | Killed an ice dragon
 11502 | Lair:1   | Reached ***** piety under Vehumet
 11531 | Lair:1   | Offered knowledge of Irradiate by Vehumet.
 12315 | Lair:2   | Noticed Etesian's ghost (journeyman MiFi)
 12326 | Lair:2   | Killed Etesian's ghost
 12443 | Lair:2   | Reached skill level 5 in Dodging
 12769 | Lair:2   | Noticed Urug
 12773 | Lair:2   | Killed Urug
 12774 | Lair:2   | Noticed a six-headed hydra
 13009 | Lair:2   | Killed a six-headed hydra
 14345 | Lair:3   | Reached XP level 13. HP: 73/84 MP: 26/26
 14588 | Lair:3   | Reached skill level 5 in Fire Magic
 16085 | Lair:4   | Reached skill level 10 in Spellcasting
 16689 | Lair:4   | Offered knowledge of Sticky Flame by Vehumet.
 16729 | Lair:4   | Found a staircase to the Swamp.
 17109 | Lair:5   | Reached skill level 10 in Earth Magic
 18532 | Lair:4   | Reached skill level 12 in Fighting
 18714 | Lair:5   | Gained mutation: Your large and strong wings let you fly indefinitely. [Gargoyle growth]
 18714 | Lair:5   | Reached XP level 14. HP: 29/92 MP: 4/28
 20377 | Lair:5   | HP: 2/92 [death yak (13)]
 20858 | Lair:6   | Found a hole to the Spider Nest.
 22101 | Lair:7   | Found a viscous altar of Jiyva.
 22101 | Lair:7   | Found a staircase to the Slime Pits.
 22233 | Lair:7   | Offered knowledge of Iskenderun's Battlesphere by Vehumet.
 22490 | Lair:8   | Entered Level 8 of the Lair of Beasts
 22593 | Lair:8   | Found a labyrinth entrance.
 22609 | Lab      | Entered a labyrinth
 23156 | Lab      | Got a pitted helmet
 23156 | Lab      | Got a faintly glowing sapphire amulet
 23162 | Lab      | Identified the cursed +0 helmet of the Guardian {rF+ rCorr} (You found it in a labyrinth)
 23163 | Lab      | Identified the amulet "Pompoy" {Faith Int+6} (You found it in a labyrinth)
 23168 | Lab      | Got an ichor-stained plate armour
 23168 | Lab      | Got a slimy chain mail
 24202 | Lair:8   | Reached XP level 15. HP: 51/97 MP: 10/30
 24368 | Lair:8   | Offered knowledge of Delayed Fireball by Vehumet.
 27388 | D:9      | Found a stormy altar of Qazlal.
 27542 | D:9      | Reached skill level 13 in Fighting
 27650 | D:9      | Found an opulent altar of Gozag.
 27737 | D:9      | Found a glowing golden altar of the Shining One.
 27738 | D:9      | Found a shattered altar of Ashenzari.
 27998 | D:10     | Entered Level 10 of the Dungeon
 28349 | D:10     | Offered knowledge of Bolt of Cold by Vehumet.
 28371 | D:10     | Learned a level 6 spell: Bolt of Cold
 28513 | D:10     | Reached skill level 10 in Conjurations
 28876 | D:11     | Noticed Nergalle
 28896 | D:11     | Killed Nergalle
 29294 | D:11     | Reached ****** piety under Vehumet
 29311 | D:11     | Found a frozen archway.
 29329 | IceCv    | Entered an ice cave
 29538 | IceCv    | Got a warped rapier
 29539 | IceCv    | Identified the cursed +0 rapier of Expedience {venom, Fragile Dex+3 Stlth+} (You found it in an ice cave)
 29872 | D:11     | Noticed Potsanchik's ghost (journeyman FoVM)
 29883 | D:11     | Killed Potsanchik's ghost
 30267 | D:12     | Learned a level 2 spell: Repel Missiles
 30325 | D:12     | Reached skill level 1 in Shields
 30335 | D:12     | Offered knowledge of Conjure Ball Lightning by Vehumet.
 30677 | D:12     | Found a staircase to the Orcish Mines.
 30825 | D:12     | Noticed Fannar
 30933 | D:12     | Killed Fannar
 31162 | D:12     | Noticed Frances
 31185 | D:12     | Killed Frances
 31185 | D:12     | Reached XP level 16. HP: 77/104 MP: 32/32
 31576 | D:12     | Reached skill level 10 in Fire Magic
 32166 | D:13     | Noticed Donald
 32204 | D:13     | Killed Donald
 32306 | D:13     | Found a gate to the Vaults.
 33298 | D:14     | Offered knowledge of Poison Arrow by Vehumet.
 33306 | D:14     | Learned a level 6 spell: Poison Arrow
 34694 | D:14     | Noticed a tengu reaver
 34700 | D:14     | Killed a tengu reaver
 35132 | D:15     | Entered Level 15 of the Dungeon
 35847 | D:15     | Reached XP level 17. HP: 86/110 MP: 28/34
 35939 | D:15     | Noticed Rupert
 35950 | D:15     | Paralysed by Rupert for 3 turns
 35957 | D:15     | Killed Rupert
 36335 | D:15     | Found a staircase to the Depths.
 37012 | Orc:1    | Entered Level 1 of the Orcish Mines
 37214 | Orc:1    | Reached skill level 10 in Maces & Flails
 37214 | Orc:1    | Reached XP level 18. HP: 116/116 MP: 35/35
 37461 | Orc:2    | Entered Level 2 of the Orcish Mines
 37565 | Orc:2    | Found a staircase to the Elven Halls.
 37582 | Orc:2    | Noticed Maud
 37588 | Orc:2    | Killed Maud
 37646 | Orc:2    | Found a roughly hewn altar of Beogh.
 37718 | Orc:2    | Found Ruadeok's Book Emporium.
 37719 | Orc:2    | Found Buing's Assorted Antiques.
 37797 | Orc:2    | HP: 2/116 [ogre mage/crystal spear (32)]
 38068 | Orc:2    | Found Ninogy's Gadget Boutique.
 38076 | Orc:2    | Bought a potion of resistance for 260 gold pieces
 38076 | Orc:2    | Bought a potion of heal wounds for 130 gold pieces
 38082 | Orc:2    | Found Mynox's Antique Armour Emporium.
 38550 | Lair:1   | Upgraded the game from 0.19-a0-35-g3484356 to 0.19-a0-36-g4a0968a
 38642 | Swamp:1  | Entered Level 1 of the Swamp
 39008 | Swamp:1  | Noticed Nikola
 39050 | Swamp:1  | Killed Nikola
 39050 | Swamp:1  | Reached skill level 14 in Fighting
 39522 | Swamp:1  | Offered knowledge of Lehudib's Crystal Spear by Vehumet.
 39522 | Swamp:1  | Offered knowledge of Fire Storm by Vehumet.
 39522 | Swamp:1  | Offered knowledge of Glaciate by Vehumet.
 39535 | Swamp:1  | Got a warped glaive
 39536 | Swamp:1  | Identified the cursed +3 glaive of Drought {vamp, rF+} (You found it on level 1 of the Swamp)
 39978 | Swamp:2  | Found an iron altar of Okawaru.
 40045 | Swamp:2  | Noticed Jorgrun
 40072 | Swamp:2  | Killed Jorgrun
 40860 | Swamp:3  | Noticed Kirke
 41054 | Swamp:3  | Killed Kirke
 42026 | Swamp:4  | Entered Level 4 of the Swamp
 42061 | Swamp:4  | Reached XP level 19. HP: 65/121 MP: 36/36
 42571 | Swamp:4  | Noticed a tentacled monstrosity
 42582 | Swamp:4  | HP: 4/122 [tentacled monstrosity (5)]
 42582 | Swamp:4  | Slain by a tentacled monstrosity

Vault maps used:
D:1:      minmay_arrival_solitary_statue
D:2:      lemuel_upstairs_altar, nicolae_dithmenos_shadow_blocks,
          nicolae_ru_the_path_less_chosen
D:3:      fiery_altar_vehumet, lightli_sewer_entry_pipes, first_bread,
          uniq_jessica, uniq_grinder
D:4:      hangedman_glass_teeth, corexii_checkpoint_a, uniq_natasha
D:5:      lemuel_coloured_pillars_altar, serial_co_window_serial,
          co_window_paths_b, co_window_paths_a, co_window_corner_a,
          co_window_corner_a, co_window_paths_a, co_window_of_opportunity_a,
          co_window_paths_b, co_window_broadway_c, co_window_paths_c,
          co_window_unsneaky_path_c, co_window_of_opportunity_b,
          co_window_corner_b, co_window_corner_cb, co_window_cross_3,
          co_window_4corner_a, glass_columns_a, glass_columns_a, uniq_menkaure
D:6:      minmay_temple_entry_junction, nicolae_ossuary_entry_catacombs,
          uniq_prince_ribbit1, uniq_duvessa
D:7:      lemuel_round_altar
D:8:      erik_lair_island, serial_shops,
          nicolae_shop_temple_entry_statues_fountains, grunt_livestock,
          fedhas_altar_3, uniq_erica, uniq_pikel
D:9:      minmay_distorted_concentric_squares, gammafunk_temple_overflow_pools,
          nicolae_gozag_cash_rules_everything_around_me,
          nicolae_qazlal_eye_of_the_storm
D:11:     portal_ice_cave_entry_pillars_02, uniq_nergalle
D:12:     david_orc_1_choice, amalloy_card_club, uniq_frances, uniq_fannar
D:13:     lemuel_slime, david_vaults_3, serial_bayou_pond_d
D:14:     minmay_two_paths, serial_park_tiny_2, minmay_beelzebubs_servants
D:15:     gammafunk_depths_entry_grave, serial_glass, glass_columns_c,
          glass_columns_a, glass_columns_b, glass_columns_a, glass_columns_c,
          glass_columns_b, glass_columns_b, glass_columns_a, feat_on_display,
          minmay_strange_pillars, minmay_strange_pillars, feat_on_display,
          uniq_rupert
Lair:1:   ice2_lemuel, grunt_megastairs_5
Lair:2:   infiniplex_staircase_pool, uniq_urug
Lair:3:   grunt_megastairs_4
Lair:4:   nicolae_swamp_entry_splash_gauntlet, grunt_forest_large_clearings
Lair:5:   lemuel_fruit_tree
Lair:6:   spider_nest_entry_rubble, grunt_megastairs_1
Lair:7:   dpeg_slime_entry_enclosed_altar, eino_house_with_fridge
Lair:8:   minmay_lair_end_frog_pond, special_room, lab_entry_generic
Swamp:1:  hangedman_swamp_lotus, uniq_nikola
Swamp:2:  basic_altar, uniq_jorgrun
Swamp:3:  cheibrodos_swamp_tower_of_moss, hangedman_swamp_blocks, uniq_kirke
Swamp:4:  swamp_alternative
Orc:2:    st_orc_open, mines1_david, uniq_maud
Lab:      nicolae_lab_swirl
Ossuary:  minmay_ossuary_gauntlet
IceCv:    ice_cave_statue_garden_01

Skill      XL: |  1  2  3  4  5  6  7  8  9 10 11 12 13 14 15 16 17 18 19 |
---------------+----------------------------------------------------------+-----
Earth Magic    | 4 5 6 7 8 9 10 11 12 13 | 13.5
Spellcasting   | 3 4 5 6 7 8 9 10 11 12 13 | 13.9
Conjurations   | 1 2 3 4 5 6 7 8 9 10 11 12 | 12.0
Fighting       | 2 4 11 12 13 14 | 14.3
Maces & Flails | 2 3 5 6 8 9 10 11 | 11.4
Armour         | 2 3 5 6 7 |  7.0
Dodging        | 2 3 4 5 6 7 8 9 |  9.0
Fire Magic     | 1 4 7 8 9 11 12 | 12.5
Shields        | 1 4 |  4.0
Stealth        | |  2.1
Transmutations | |  0.7

Action                   |  1- 3 |  4- 6 |  7- 9 | 10-12 | 13-15 | 16-18 | 19-21 || total
-------------------------+-------+-------+-------+-------+-------+-------+-------++-------
Melee: Mace              |   103 |     6 |       |       |       |       |       ||   109
       Flail             |       |    70 |   303 |   580 |       |       |       ||   953
       Unarmed           |       |       |    10 |       |       |       |       ||    10
       Whip              |       |       |       |    19 |  2602 |  1981 |    80 ||  4682
 Cast: Sandblast         |     2 |    51 |    87 |       |       |     3 |       ||   143
       Stone Arrow       |     2 |     1 |    15 |    88 |    73 |    13 |       ||   192
       Mephitic Cloud    |       |       |       |     4 |    20 |     8 |       ||    32
       Lee's Rapid Decon |       |       |       |     8 |     4 |    22 |       ||    34
       Bolt of Magma     |       |       |       |    26 |   114 |   111 |    18 ||   269
       Repel Missiles    |       |       |       |       |     1 |       |       ||     1
       Bolt of Cold      |       |       |       |       |       |     2 |       ||     2
       Poison Arrow      |       |       |       |       |       |     2 |       ||     2
 Abil: Evoke Flight      |       |       |       |     2 |       |       |       ||     2
       Fly               |       |       |       |       |     1 |       |       ||     1
Evoke: Wand              |       |       |     6 |       |       |     3 |       ||     9
       Phantom mirror    |       |       |       |       |     1 |       |       ||     1
       Box of beasts     |       |       |       |       |     2 |     1 |       ||     3
  Use: Scroll            |     6 |     6 |     8 |    15 |    25 |     4 |     3 ||    67
       Potion            |       |       |       |     9 |     9 |     8 |     1 ||    27
 Stab: Sleeping          |     1 |     7 |     3 |     8 |     5 |     3 |       ||    27
       Distracted        |       |     1 |       |       |     3 |     1 |       ||     5
       Confused          |       |       |       |     1 |     5 |     9 |       ||    15
  Eat: Chunk             |     3 |     6 |    10 |    24 |    54 |    36 |     2 ||   135
       Beef jerky        |       |       |     2 |     2 |     5 |     1 |       ||    10
       Pizza             |       |       |       |     2 |     5 |       |       ||     7
       Fruit             |       |       |       |       |    10 |    13 |       ||    23
       Royal jelly       |       |       |       |       |     1 |       |       ||     1
Armor: Robe              |    39 |    53 |   153 |   346 |   885 |   679 |   102 ||  2257
Dodge: Dodged            |    90 |    68 |   340 |   828 |  1723 |   999 |   121 ||  4169
       Deflected         |       |       |       |       |     1 |       |       ||     1
Block: Buckler           |       |       |       |       |       |    98 |    46 ||   144
